 Dungeon Crawl Stone Soup version 0.29.1-15-g9cfb28693d (webtiles) character file.

Game seed: 131193406827891718

79043 virigoth the Fighter (level 15, -1/127 HPs)
             Began as a Demonspawn Gladiator on Mar 5, 2023.
             Was the Champion of Okawaru.
             Slain by a freezing wraith (10 damage)
             ... in an ice cave on Mar 11, 2023.
             The game lasted 02:15:37 (23339 turns).

virigoth the Fighter (Demonspawn Gladiator)        Turns: 23339, Time: 02:15:38

Health: -1/127     AC:  7    Str: 25      XL:     15   Next: 19%
Magic:  0/13       EV:  9    Int:  6 (9)  God:    Okawaru [******]
Gold:   2217       SH: 15    Dex: 14      Spells: 14/14 levels left

rFire   . . .      SeeInvis .   E - +4 mace of Okawaru's Generosity {venom, Contam Will+++ rCorr Stlth-}
rCold   + + .      Faith    .   Y - +5 kite shield of Sorcery {rElec rF+ Str+5 Int-3}
rNeg    . . .      Spirit   +   P - +1 plate armour {Will+}
rPois   .          Reflect  .   t - +1 hat
rElec   +          Harm     .   j - +1 cloak of Apathy {rC+}
rCorr   +          Rampage  ∞   u - +0 pair of gloves
Will    +++++                   O - +3 pair of seven-league boots {Rampage+∞}
Stlth   ..........              v - amulet of guardian spirit
HPRegen 0.31/turn               i - ring of ice
MPRegen 0.13/turn               J - ring of flight

@: corroded, flying, slowed, studying Polearms, very slow
A: horns 2, slimy green scales 2, foul stench 3, powered by pain 1, augmentation
1, low MP 1, wild magic 1
a: Renounce Religion, Heroism, Finesse, Duel


You were in an ice cave.
You worshipped Okawaru.
Okawaru was exalted by your worship.
You visited 7 branches of the dungeon, and saw 26 of its levels.
You also visited: Ice Cave.

You collected 2357 gold pieces.
You spent 140 gold pieces at shops.

Inventory:

Hand Weapons
 a - a +4 vampiric spear
 b - a +5 trident of venom
 q - the +2 rapier of the Old World {freeze, rPois Str+2}
   (You found it on level 2 of the Lair of Beasts)

   It freezes those it strikes, dealing additional cold damage.
   It can also slow down cold-blooded creatures.
   Str:       It affects your strength (+2).
   rPois:     It protects you from poison.
 E - the +4 mace of Okawaru's Generosity (weapon) {venom, Contam Will+++ rCorr Stlth-}
   (Okawaru gifted it to you on level 13 of the Dungeon)

   It poisons the flesh of those it strikes.
   Contam:    It causes magical contamination when unequipped.
   rCorr:     It protects you from acid and corrosion.
   Will:      It greatly increases your willpower.
   Stlth:     It makes you less stealthy.
 N - the +4 glaive of the Known World {drain, rC+}
   (Okawaru gifted it to you on level 11 of the Dungeon)

   A truly terrible weapon, it drains the life of any living foe it strikes.
   rC:        It protects you from cold.
 S - a +0 short sword of electrocution
Missiles
 d - 7 throwing nets
 e - 6 javelins (quivered)
 n - 5 atropa-tipped darts
 w - 24 poisoned darts
 y - 6 curare-tipped darts
Armour
 f - a +3 troll leather armour {Snorg}
 j - the +1 cloak of Apathy (worn) {rC+}
   (Okawaru gifted it to you on level 2 of the Lair of Beasts)

   rC:        It protects you from cold.
 t - a +1 hat (worn)
 u - a +0 pair of gloves (worn)
 C - a +0 buckler
 O - the +3 pair of seven-league boots (worn) {Rampage+∞}
   (You found it on level 3 of the Dungeon)

   Its wearer moves as far as possible in that direction when moving towards
   enemies.
 P - a +1 plate armour of willpower (worn)
 Y - the +5 kite shield of Sorcery (worn) {rElec rF+ Str+5 Int-3}
   (You found it on level 14 of the Dungeon)

   Str:       It affects your strength (+5).
   Int:       It affects your intelligence (-3).
   rF:        It protects you from fire.
   rElec:     It insulates you from electricity.
Jewellery
 i - a ring of ice (left hand)
 v - an amulet of guardian spirit (around neck)
 A - a ring of positive energy
 J - a ring of flight (right hand)
 M - a ring of ice
 Q - a +4 ring of slaying {mikee_}
 R - a ring of poison resistance
Wands
 c - a wand of paralysis (8)
 k - a wand of digging (9)
 z - a wand of mindburst (9)
 V - a wand of acid (14)
 W - a wand of roots (39)
Scrolls
 o - a scroll of enchant armour
 p - a scroll of silence
 r - a scroll of identify
 B - 6 scrolls of fear {!r}
 H - 2 scrolls of magic mapping
 L - 4 scrolls of teleportation {!r}
 X - 3 scrolls of butterflies
 Z - a scroll of blinking {!r}
Potions
 g - 6 potions of brilliance
 h - 2 potions of cancellation
 l - 2 potions of haste {!q}
 m - a potion of invisibility
 s - 8 potions of curing {!q}
 x - 3 potions of lignification
 D - 3 potions of berserk rage {!q}
 F - 8 potions of mutation
 G - a potion of might {!q}
 I - 4 potions of resistance
 K - 6 potions of attraction
 T - 3 potions of heal wounds {!q}
 U - a potion of ambrosia {!q}


   Skills:
 - Level 14.9 Fighting
 - Level 7.4 Short Blades
 - Level 14.0 Polearms
 + Level 5.4 Throwing
 + Level 8.8 Armour
 - Level 9.8 Dodging
 - Level 7.3 Shields
 - Level 1.3 Evocations


You had 14 spell levels left.
You didn't know any spells.
Your spell library contained the following spells:

 Spells                   Type           Power      Damage    Failure   Level
 Beastly Appendage        Tmut           0%         N/A       100%        1
 Foxfire                  Conj/Fire      0%         2x1d4     100%        1
 Ensorcelled Hibernation  Hex/Ice        0%         N/A       100%        2
 Wereblood                Tmut           0%         N/A       100%        2
 Conjure Flame            Conj/Fire      0%         6-21      100%        3
 Inner Flame              Hex/Fire       0%         N/A       100%        3
 Lesser Beckoning         Tloc           0%         N/A       100%        3
 Ozocubu's Armour         Ice            0%         N/A       100%        3
 Spider Form              Tmut/Pois      0%         N/A       100%        3
 Anguish                  Hex/Necr       0%         N/A       100%        4
 Cause Fear               Hex            0%         N/A       100%        4
 Flame Wave               Conj/Fire      0%         2d4       100%        4
 Fulminant Prism          Conj/Hex       0%         3d6       100%        4
 Iskenderun's Mystic Bla  Conj/Tloc      0%         2d3       100%        4
 Leda's Liquefaction      Hex/Erth       0%         N/A       100%        4
 Iskenderun's Battlesphe  Conj           0%         2d6       100%        5
 Lee's Rapid Deconstruct  Erth           0%         3d5*      100%        5
 Conjure Ball Lightning   Conj/Air       0%         3x3d6     100%        6
 Iron Shot                Conj/Erth      0%         9d1       100%        6
 Statue Form              Tmut/Erth      0%         N/A       100%        6
 Dragon Form              Tmut           0%         N/A       100%        7
 Enfeeble                 Hex            0%         N/A       100%        7
 Discord                  Hex            0%         N/A       100%        8
 Disjunction              Tloc           0%         N/A       100%        8
 Malign Gateway           Summ/Tloc      Unusable   N/A       N/A         7
 Spellforged Servitor     Conj/Summ      Unusable   N/A       N/A         7
 Dragon's Call            Summ           Unusable   N/A       N/A         9

Dungeon Overview and Level Annotations

Branches:
Dungeon (15/15)            Temple (1/1) D:7            Lair (5/5) D:8
 Shoals (0/4) Lair:2        Snake (1/4) Lair:3        Slime (1/5) Lair:5
    Orc (2/2) D:11            Elf (1/3) Orc:2        Vaults (0/5) D:13
  IceCv (1/1)
 Depths: D:15

Altars:
Ashenzari
Cheibriados
Dithmenos
Fedhas
Gozag
Hepliaklqana
Kikubaaqudgha
Makhleb
Nemelex Xobeh
Okawaru
Qazlal
Ru
Sif Muna
Trog
Uskayaw
Vehumet
Wu Jian
Xom
Jiyva

Shops:
D:3 ?   D:4 [   D:6 *   D:12 *   D:13 [   D:14 *   Orc:2 (?!=[*(:

Annotations:
D:11 2 transporters, Thatpatchoflichen's ghost, journeyman HuGl
D:12 3 runed translucent doors, exclusion: 3 doors
Lair:1 2 transporters, Qaenuc's ghost, journeyman FeSu
Lair:2 exclusion: oklob plant IceCv exclusion: 2 obsidian statues


Innate Abilities, Weirdness & Mutations

You have a pair of horns on your head.
You are mostly covered in slimy green scales. (AC +3)
You frequently emit foul miasma when damaged in melee.
You sometimes gain a little power by taking damage.
Your magical and physical power is slightly enhanced at high health.
Your magical capacity is low. (-10% MP)
Your spells are a little harder to cast, but a little more powerful.


Message History

The freezing wraith barely misses you. The freezing wraith hits you!
* * * LOW HITPOINT WARNING * * *
The freezing wraith freezes you. You resist.
* * * LOW HITPOINT WARNING * * *
The freezing wraith hits you.
* * * LOW HITPOINT WARNING * * *
The freezing wraith drains your vigour!
You feel as though you will be slow longer.
The shadow imp puffs mist at you. The freezing wraith barely misses you.
You block the freezing wraith's attack. The freezing wraith hits you.
* * * LOW HITPOINT WARNING * * *
The freezing wraith freezes you. You resist.
* * * LOW HITPOINT WARNING * * *
You emit a cloud of foul miasma!
The freezing wraith hits you!
* * * LOW HITPOINT WARNING * * *
The freezing wraith closely misses you. The freezing wraith barely misses you.
The freezing wraith hits you but does no damage.
The freezing wraith hits you!
* * * LOW HITPOINT WARNING * * *
The freezing wraith drains your vigour!
You feel as though you will be slow longer.
The freezing wraith barely misses you. The freezing wraith hits you.
* * * LOW HITPOINT WARNING * * *
The freezing wraith drains your vigour!
You feel as though you will be slow longer.
The freezing wraith hits you!
* * * LOW HITPOINT WARNING * * *
The freezing wraith freezes you! You resist.
* * * LOW HITPOINT WARNING * * *
You emit a cloud of foul miasma!
The freezing wraith hits you.
* * * LOW HITPOINT WARNING * * *
There is an ice covered gate leading back out of this place, spattered with blood here.
The freezing wraith barely misses you. The freezing wraith hits you.
* * * LOW MAGIC WARNING * * *;
* * * LOW HITPOINT WARNING * * *
The freezing wraith drains your vigour!
You feel as though you will be slow longer.
The freezing wraith misses you. The freezing wraith hits you!
* * * LOW MAGIC WARNING * * *
You die...

##8#.....#8##
# ##...## #
##...# #..Z##
#..Z## ##○5°#
##.5.##
##5WWW.##
#...6...#
#...∩...#
##.....##
##...## #####


You could see 3 freezing wraiths, 2 shadow imps, a spriggan defender simulacrum,
a minotaur simulacrum and an ufetubus (summoned).

Vanquished Creatures
  An azure jelly (D:15)
  An orc warlord (Orc:2)
  Snorg (D:10)
  An ettin (Orc:1)
  A great orb of eyes (D:12)
  A vault guard (D:13)
  2 boulder beetles (D:13)
  5 hydras
  3 catoblepae (Lair:5)
  4 two-headed ogres
  3 centaur warriors
  4 orc high priests (Orc:2)
  6 death yaks (Lair:5)
  9 skeletal warriors
  4 orc knights (Orc:2)
  4 lindwurms (Lair:2)
  A spriggan simulacrum (IceCv)
  A deep elf pyromancer (D:13)
  3 orc sorcerers (Orc:2)
  4 ugly things
  10 manticores
  5 cyclopes
  14 elephants
  Maurice (Orc:1)
  3 black mambas
  3 gargoyles
  9 cane toads
  2 kobold demonologists
  An unseen horror (D:12)
  2 rime drakes
  11 komodo dragons
  An ice devil (IceCv)
  An efreet (D:14)
  Psyche (D:8)
  2 freezing wraiths (D:15)
  3 trolls
  2 polar bears
  A wind drake (Lair:2)
  Grinder (D:4)
  19 blink frogs
  4 dream sheep (Lair:3)
  A centaur simulacrum (D:14)
  2 shadows (D:11)
  5 vampires
  4 wyverns
  45 yaks
  A wraith (D:10)
  3 basilisks
  Eustachio (D:5)
  2 steam dragons
  2 nagas (Lair:3)
  4 wargs
  An acid dragon (D:13)
  15 water moccasins
  29 orc warriors
  Pargi (D:4)
  A black bear (D:5)
  2 sky beasts (D:8)
  3 ogres
  An alligator simulacrum (IceCv)
  14 wolves
  5 centaurs
  A phantom (D:11)
  2 kobold brigands (D:11)
  4 gnoll sergeants
  2 scorpions
  10 bullfrogs
  13 wights
  10 killer bees
  An electric eel (Lair:5)
  3 howler monkeys
  5 jellies
  2 hounds
  26 orc priests
  3 iguanas
  27 orc wizards
  6 ogre zombies (D:11)
  21 gnolls
  9 adders
  A shadow imp (D:8)
  A white imp (D:8)
  3 worms
  A dart slug (D:4)
  80 orcs
  6 endoplasms
  4 giant cockroaches
  A goblin (D:4)
  8 hobgoblins
  3 jackals (D:1)
  23 kobolds
  2 quokkas
  4 bats
  5 frilled lizards
  A goblin zombie (D:11)
  2 hobgoblin zombies (D:11)
  An orc skeleton (D:11)
  13 orc zombies (D:11)
  4 rats
  2 butterflies (D:7)
607 creatures vanquished.

Vanquished Creatures (others)
  2 orc wizards (Orc:2)
  37 fungi
  40 plants
79 creatures vanquished.

Grand Total: 686 creatures vanquished

Notes
Turn   | Place    | Note
-------+----------+-------------------------------------------
     0 | D:1      | virigoth the Demonspawn Gladiator began the quest for the
                  | Orb.
     0 | D:1      | Reached XP level 1. HP: 16/16 MP: 1/1
   521 | D:1      | Gained mutation: You have a pair of small horns on your
                  | head. [demonic ancestry]
   521 | D:1      | Reached XP level 2. HP: 20/22 MP: 2/2
   571 | D:1      | Found a faded altar of an unknown god.
   572 | D:1      | Noticed a shining eye
   574 | D:1      | Noticed a floating eye
   574 | D:1      | Noticed a great orb of eyes
   574 | D:1      | Noticed a golden eye
  1371 | D:2      | Gained mutation: You may rarely emit foul miasma when
                  | damaged in melee. [demonic ancestry]
  1371 | D:2      | Reached XP level 3. HP: 20/27 MP: 3/3
  1638 | D:2      | Gained mutation: Your magical capacity is low. (-10% MP)
                  | [potion of mutation]
  1638 | D:2      | Gained mutation: Your spells are a little harder to cast,
                  | but a little more powerful. [potion of mutation]
  1638 | D:2      | Gained mutation: You possess an exceptional clarity of
                  | mind. [potion of mutation]
  2117 | D:3      | Found Neatao's Armour Emporium.
  2211 | D:3      | Found a hazy altar of Hepliaklqana.
  2310 | D:3      | Reached XP level 4. HP: 23/33 MP: 3/3
  2459 | D:3      | Reached skill level 1 in Shields
  2639 | D:3      | Found Natapan's Magic Scroll Shoppe.
  2647 | D:3      | Bought a scroll of identify for 24 gold pieces
  2647 | D:3      | Bought a scroll of identify for 24 gold pieces
  2647 | D:3      | Bought a scroll of teleportation for 36 gold pieces
  2803 | D:3      | Found the +3 pair of seven-league boots {Rampage+∞}
  3268 | D:4      | Reached skill level 1 in Armour
  3412 | D:4      | Gained mutation: You sometimes emit foul miasma when
                  | damaged in melee. [demonic ancestry]
  3412 | D:4      | Reached XP level 5. HP: 37/38 MP: 4/4
  3438 | D:4      | Noticed Pargi
  3454 | D:4      | Killed Pargi
  3522 | D:5      | Entered Level 5 of the Dungeon
  3522 | D:5      | Noticed Eustachio
  3594 | D:4      | Found Cour's Antique Armour Shoppe.
  3634 | D:4      | Gained mutation: You are partially covered in slimy green
                  | scales. (AC +2) [demonic ancestry]
  3634 | D:4      | Reached XP level 6. HP: 44/44 MP: 5/5
  3704 | D:4      | Reached skill level 5 in Short Blades
  4114 | D:4      | Noticed Grinder
  4117 | D:4      | Paralysed by Grinder for 4 turns
  4128 | D:4      | Paralysed by Grinder for 5 turns
  4134 | D:4      | Killed Grinder
  4221 | D:4      | Gained mutation: You frequently emit foul miasma when
                  | damaged in melee. [demonic ancestry]
  4221 | D:4      | Reached XP level 7. HP: 43/50 MP: 6/6
  4353 | D:5      | Killed Eustachio
  4402 | D:5      | Found a radiant altar of Vehumet.
  4701 | D:5      | Gained mutation: You sometimes gain a little power by
                  | taking damage. [demonic ancestry]
  4701 | D:5      | Reached XP level 8. HP: 33/56 MP: 7/7
  4946 | D:5      | Reached skill level 1 in Polearms
  5837 | D:6      | Reached skill level 1 in Evocations
  5881 | D:6      | Found Ywugif's Overcharged Wands.
  6158 | D:6      | Gained mutation: You have a pair of horns on your head.
                  | [demonic ancestry]
  6158 | D:6      | Reached XP level 9. HP: 54/65 MP: 8/8
  6160 | D:6      | Reached skill level 5 in Polearms
  6183 | D:6      | Reached skill level 5 in Fighting
  6657 | D:7      | Found a staircase to the Ecumenical Temple.
  6667 | Temple   | Entered the Ecumenical Temple
  6816 | Temple   | Became a worshipper of Warmaster Okawaru
  6952 | D:8      | Found a shimmering altar of Xom.
  7111 | D:8      | Noticed a two-headed ogre
  7174 | D:8      | Killed a two-headed ogre
  7174 | D:8      | Reached * piety under Okawaru
  7178 | D:8      | Reached XP level 10. HP: 49/77 MP: 9/9
  7192 | D:8      | Found a staircase to the Lair.
  7223 | D:8      | Noticed Psyche
  7246 | D:8      | Killed Psyche
  7246 | D:8      | Reached ** piety under Okawaru
  7384 | D:8      | Found a broken altar of Ashenzari.
  7866 | Lair:1   | Entered Level 1 of the Lair of Beasts
  7988 | Lair:1   | Got the Parchment of Peregrination and Congelation
  8028 | Lair:2   | Noticed a cane toad
  8059 | Lair:1   | Noticed a cane toad
  8094 | Lair:1   | Noticed a cane toad
  8098 | Lair:1   | HP: 7/79 [cane toad (16)]
  8106 | Lair:1   | HP: 4/79 [cane toad (11)]
  8109 | Lair:1   | You are sucked into a shaft and drop 1 floor!
  8109 | Lair:1   | The shaft crumbles and collapses.
  8201 | Lair:2   | Reached *** piety under Okawaru
  8226 | Lair:2   | Killed a cane toad
  8362 | Lair:1   | Reached skill level 10 in Polearms
  8380 | Lair:1   | Reached **** piety under Okawaru
  8389 | Lair:1   | Killed a cane toad
  8389 | Lair:1   | Received a gift from Okawaru
  8390 | Lair:1   | Gained mutation: You are mostly covered in slimy green
                  | scales. (AC +3) [demonic ancestry]
  8390 | Lair:1   | Reached XP level 11. HP: 16/87 MP: 9/9
  8629 | Lair:1   | Found a transporter.
  8645 | Lair:1   | Noticed Qaenuc's ghost (journeyman FeSu)
  8731 | Lair:1   | Found a transporter.
  8735 | Lair:1   | Noticed a five-headed hydra
  8738 | Lair:1   | weird gloves here
  8987 | Lair:1   | Reached ***** piety under Okawaru
  9551 | Lair:2   | Found a staircase to the Shoals.
  9590 | Lair:2   | Noticed an oklob plant
  9667 | Lair:2   | Identified the +1 cloak of Apathy {rC+} (Okawaru gifted it
                  | to you on level 2 of the Lair of Beasts)
  9667 | Lair:2   | Received a gift from Okawaru
  9839 | Lair:2   | Reached skill level 10 in Fighting
  9915 | Lair:2   | Noticed a lindwurm
  9916 | Lair:2   | Noticed a lindwurm
  9920 | Lair:2   | Noticed a lindwurm
  9979 | Lair:2   | Killed a lindwurm
  9979 | Lair:2   | Noticed a lindwurm
  9988 | Lair:2   | Killed a lindwurm
 10003 | Lair:2   | Killed a lindwurm
 10004 | Lair:2   | Reached XP level 12. HP: 53/97 MP: 10/10
 10024 | Lair:2   | Identified the +2 rapier of the Old World {freeze, rPois
                  | Str+2}
 10671 | Lair:3   | Reached ****** piety under Okawaru
 10681 | Lair:3   | Reached skill level 5 in Dodging
 10850 | Lair:3   | Found a staircase to the Snake Pit.
 10884 | Lair:3   | Reached skill level 5 in Shields
 10891 | Snake:1  | Entered Level 1 of the Snake Pit
 11377 | Lair:4   | Received a gift from Okawaru
 11437 | Lair:4   | Noticed a five-headed hydra
 11460 | Lair:4   | Killed a five-headed hydra
 11747 | Lair:5   | Entered Level 5 of the Lair of Beasts
 11747 | Lair:5   | Noticed an eight-headed hydra
 11876 | Lair:4   | Noticed a four-headed hydra
 11885 | Lair:4   | Killed a four-headed hydra
 12481 | Lair:4   | Killed an eight-headed hydra
 12563 | Lair:5   | Received a gift from Okawaru
 12794 | Lair:5   | Reached XP level 13. HP: 106/106 MP: 11/11
 12926 | Lair:5   | Received a gift from Okawaru
 13126 | Lair:5   | Received a gift from Okawaru
 13874 | Lair:5   | Found a viscous altar of Jiyva.
 13875 | Lair:5   | Found a staircase to the Slime Pits.
 14248 | Slime:1  | Entered Level 1 of the Pits of Slime
 14504 | D:10     | Entered Level 10 of the Dungeon
 14676 | D:9      | Reached skill level 5 in Armour
 15075 | D:11     | Found a stormy altar of Qazlal.
 15301 | D:10     | Noticed Snorg
 15320 | D:10     | Killed Snorg
 15838 | D:11     | Identified the +4 glaive of the Known World {drain, rC+}
                  | (Okawaru gifted it to you on level 11 of the Dungeon)
 15838 | D:11     | Received a gift from Okawaru
 15889 | D:11     | Found a staircase to the Orcish Mines.
 16126 | D:11     | Found a transporter.
 16128 | D:11     | Found a transporter.
 16131 | D:11     | Noticed Thatpatchoflichen's ghost (journeyman HuGl)
 16341 | Orc:1    | Entered Level 1 of the Orcish Mines
 16508 | D:11     | You are sucked into a shaft and drop 1 floor!
 16508 | D:11     | The shaft crumbles and collapses.
 16646 | D:12     | Reached XP level 14. HP: 116/118 MP: 12/12
 16787 | D:12     | Found Diruf's Blood Bar.
 17142 | D:12     | Found a runed translucent door.
 17316 | D:12     | Received a gift from Okawaru
 17361 | D:12     | Identified a scroll of acquirement
 17361 | D:12     | Acquired a manual of Polearms
 17385 | D:12     | Found a runed translucent door.
 17386 | D:12     | Noticed a tengu reaver
 17906 | D:12     | Found a runed translucent door.
 17906 | D:12     | Found a runed translucent door.
 18559 | D:13     | Found a gate to the Vaults.
 18627 | D:13     | Found Beuwug Uchad's Antique Armour Emporium.
 18938 | D:14     | HP: 7/121 [skeletal warrior/+0 flail (15)]
 18942 | D:14     | Found a blossoming altar of Fedhas.
 18944 | D:14     | HP: 8/121 [centaur warrior/arrow (6)]
 18950 | D:14     | HP: 8/121 [centaur warrior/arrow (7)]
 19142 | Orc:1    | Received a gift from Okawaru
 19176 | Orc:2    | Entered Level 2 of the Orcish Mines
 19176 | Orc:2    | Found Uthrawn's Jewellery Emporium.
 19176 | Orc:2    | Found a staircase to the Elven Halls.
 19286 | Orc:1    | Noticed Maurice
 19325 | Orc:1    | Paralysed by something for 5 turns
 19343 | Orc:1    | Killed Maurice
 19714 | Orc:2    | Found Naqunuja's Distillery.
 19914 | Elf:1    | Entered Level 1 of the Elven Halls
 19974 | Orc:2    | Found Oriakur's Antique Weapon Emporium.
 20144 | Orc:2    | Paralysed by an orc sorcerer for 5 turns
 20147 | Orc:2    | Noticed an orc warlord
 20167 | Orc:2    | Lost mutation: You possess an exceptional clarity of mind.
                  | [a neqoxec]
 21421 | Orc:2    | Killed an orc warlord
 21933 | Orc:2    | Gained mutation: Your magical and physical power is
                  | slightly enhanced at high health. [demonic ancestry]
 21933 | Orc:2    | Reached XP level 15. HP: 113/120 MP: 11/13
 21973 | Orc:2    | Found Irym's General Store.
 21983 | Orc:2    | Found Rageuc's Antique Armour Shop.
 21983 | Orc:2    | Found Bougy's Antique Weapon Shop.
 21985 | Orc:2    | Found Wurood's Book Boutique.
 22227 | Orc:2    | Found Net Kivo's Magic Scroll Boutique.
 22240 | Orc:2    | Bought a scroll of identify for 28 gold pieces
 22242 | Orc:2    | Bought a scroll of identify for 28 gold pieces
 22863 | D:13     | Identified the +4 mace of Okawaru's Generosity {venom,
                  | Contam Will+++ rCorr Stlth-} (Okawaru gifted it to you on
                  | level 13 of the Dungeon)
 22863 | D:13     | Received a gift from Okawaru
 22918 | D:15     | Entered Level 15 of the Dungeon
 22950 | D:14     | Found Laihixau's Assorted Antiques.
 22979 | D:14     | Identified the +5 kite shield of Sorcery {rElec rF+ Str+5
                  | Int-3}
 23026 | D:14     | Reached skill level 5 in Throwing
 23111 | D:15     | Found a frozen archway.
 23111 | D:15     | Noticed an azure jelly
 23121 | D:15     | Killed an azure jelly
 23131 | IceCv    | Entered an ice cave
 23339 | IceCv    | HP: 9/127 [freezing wraith (5)]
 23339 | IceCv    | Slain by a freezing wraith

Illustrated notes

###.#..##. #......#........
#...#Y..#..©..##.©#.#.#....
#P.##.#.....#F....#...#....
##.# ... ##[..##.##.#.P....
##.## .#.)D==....#..#......
#P..###. #####.. #..#.#....
###...####.©.####.....#...#
#.##.....................#
## ##....6....... #.....
#............ .......
#.........#... .......
##.....##.# .. #.....# ...
. #.......# #.# ##......#
.# #.....# .


Turn 8738 on Lair:1: weird gloves here

Levels and vault maps discovered:
D:1:      zelgadis_glass_arrival_small, layout_basic,
          hellmonk_ecumenical_altar_watching_god, minmay_indecisive_spiral
D:2:      layout_basic, st_stairs_4
D:3:      layout_loops_ring, general_overflow_altar, serial_shops,
          nicolae_shop_behind_doors, shop
D:4:      layout_basic, serial_shops, nicolae_shop_crystal, st_stairs_8,
          uniq_pargi, uniq_grinder
D:5:      layout_rooms, lemuel_crystal_altar, nicolae_elyvilon_temple_path,
          uniq_eustachio
D:6:      layout_gridville, nicolae_shop_overcharged_wands
D:7:      layout_layer_cave, mainiacjoe_overflow_alcove_2,
          minmay_temple_entry_butterflies
D:8:      layout_basic, mainiacjoe_overflow_tiny_flanked,
          evilmike_ruin_ashenzari, erik_lair_orcish_takeover, uniq_psyche
D:9:      layout_roguey, minmay_fractal_squares_gapless_5
D:10:     layout_loops_ring, uniq_snorg
D:11:     layout_loops_ring, zombieorc1_lemuel, nzn_ghost_randoct,
          nicolae_qazlal_scattered_showers
D:12:     minmay_the_grid_triangle_9x9_rhombus_full
          [minmay_the_grid_triangle_9x9_longest,
          minmay_the_grid_triangle_9x9_fully_insulated_deathbox,
          minmay_the_grid_triangle_9x9_sparse_checkered,
          minmay_the_grid_triangle_9x9_subtriangle,
          minmay_the_grid_triangle_9x9_cache,
          minmay_the_grid_triangle_9x9_zippers_horizontal,
          minmay_the_grid_triangle_9x9_windchime,
          minmay_the_grid_triangle_9x9_prize_center], layout_loops_ring,
          guppyfry_shop_blood
D:13:     layout_loops_cross, david_vaults_5, serial_shops,
          nicolae_shop_advertising_works [nicolae_subvault_shop_adworks],
          minmay_misc_feat_tower
D:14:     layout_rooms, serial_shops, kennysheep_mini_moat,
          minmay_misc_feat_cross, fedhas_altar_2
D:15:     hangedman_depths_entry_civil_slaughter, layout_stronghold,
          portal_ice_cave_entry_frozen_things
Temple:   regret_index_temple_sphere_string
Lair:1:   layout_long_grid, gammafunk_ghost_berserking_beasts,
          beast_lair_carwin_2, grunt_megastairs_3
Lair:2:   layout_small_grid, minmay_shoals_entry_beasts,
          minmay_lair_oklob_bushes, minivault_25, minmay_lindwurm_lava
Lair:3:   layout_misc_corridors, guppyfry_snake_entry_garden
Lair:4:   layout_regular_city, grunt_megastairs_5
Lair:5:   evilmike_catoblepas_cave, layout_regular_city, slime_entry_1,
          infiniplex_staircase_pool, lemuel_fruit_tree, serial_bayou_shore_b
Snake:1:  layout_misc_corridors, serial_shops, shop, uniq_jorgrun
Slime:1:  layout_caves
Orc:1:    layout_caves, mines2_david, uniq_maurice
Orc:2:    st_orc_congregation, layout_caves, serial_shops, shop, shop,
          nicolae_lakefront_shop, shop
Elf:1:    layout_loops_cross, orc_legates, uniq_frances
IceCv:    ice_cave_tombish

Skill      XL: |  1  2  3  4  5  6  7  8  9 10 11 12 13 14 15 |
---------------+----------------------------------------------+-----
Short Blades   | 3 4 5 7 |  7.4
Dodging        | 3 4 7 9 |  9.8
Shields        | 1 2 3 7 |  7.3
Armour         | 1 2 4 5 8 |  8.8
Polearms       | 4 7 10 12 14 | 14.0
Fighting       | 4 6 8 10 11 13 14 | 14.9
Evocations     | 1 |  1.3
Throwing       | 4 5 |  5.4

Action                   |  1- 3 |  4- 6 |  7- 9 | 10-12 | 13-15 || total
-------------------------+-------+-------+-------+-------+-------++-------
Melee: Rapier            |   124 |   132 |    88 |       |       ||   344
       Headbutt          |    16 |    26 |    74 |   216 |   484 ||   816
       Spear             |       |       |   248 |   973 |  1656 ||  2877
       Dagger            |       |       |       |    11 |       ||    11
       Glaive            |       |       |       |       |    27 ||    27
       Punch             |       |       |       |       |     2 ||     2
       Trident           |       |       |       |       |    91 ||    91
       Mace              |       |       |       |       |     1 ||     1
Throw: Dart              |       |     2 |     2 |     2 |     1 ||     7
       Javelin           |       |     2 |     4 |     1 |     6 ||    13
       Throwing net      |       |     1 |       |       |       ||     1
       Boomerang         |       |       |       |       |     3 ||     3
Invok: Heroism           |       |       |       |     1 |     2 ||     3
Evoke: Wand              |       |       |     7 |       |       ||     7
  Use: Potion            |     6 |       |       |     3 |     6 ||    15
       Scroll            |     4 |     2 |     5 |     8 |    15 ||    34
 Stab: Sleeping          |     1 |     1 |     1 |       |     1 ||     4
       Distracted        |     1 |       |       |       |       ||     1
       Fleeing           |       |       |       |       |     1 ||     1
Armor: Leather armour    |    18 |       |       |       |       ||    18
       Scale mail        |    14 |    42 |       |       |       ||    56
       Troll leather arm |       |    21 |   100 |   262 |   321 ||   704
       Skin              |       |       |       |     6 |       ||     6
       Plate armour      |       |       |       |       |   181 ||   181
Dodge: Dodged            |    69 |    67 |   147 |   337 |   645 ||  1265
Block: Buckler           |     8 |    17 |    55 |   124 |   234 ||   438
       Kite shield       |       |       |       |       |    48 ||    48
